 Dungeon Crawl Stone Soup version 0.29.0-15-g675c0067aa (webtiles) character file.

Game seed: 4536282261813109934

141 qw the Sneak (level 5, 0/32 HPs)
             Began as a Gargoyle Delver on Sept 11, 2022.
             Slain by a gnoll
             ... wielding a +0 halberd
              (5 damage)
             ... on level 4 of the Dungeon.
             The game lasted 00:01:13 (3459 turns).

qw the Sneak (Gargoyle Delver)                      Turns: 3459, Time: 00:01:14

Health: 0/32       AC:  9    Str: 18    XL:     5   Next: 24%
Magic:  5/5        EV: 11    Int:  8    God:
Gold:   182        SH:  0    Dex: 11    Spells: 4/4 levels left

rFire   + . .      SeeInvis .   Y - +4 hand axe
rCold   . . .      Faith    .   (no shield)
rNeg    + . .      Spirit   .   e - +0 ring mail
rPois   inf        Reflect  .   (no helmet)
rElec   +          Harm     .   (no cloak)
rCorr   .          Rampage  .   (no gloves)
Will    .....                   (no boots)
Stlth   ++........              (no amulet)
HPRegen 0.10/turn               (no ring)
MPRegen 0.09/turn               (no ring)

@: no status effects
A: sickness immunity, AC +4, negative energy resistance 1, electricity
resistance, torment resistance 1, petrification resistance, dopey 1, fire
resistance 1
a: no special abilities


You were on level 4 of the Dungeon.
You visited 1 branch of the dungeon, and saw 5 of its levels.

You collected 182 gold pieces.


Innate Abilities, Weirdness & Mutations

You are immune to sickness and miasma.
Your stone body is resilient. (AC +4)
You are immune to poison.
You resist negative energy. (rN+)
You are resistant to electric shocks. (rElec)
You are resistant to unholy torment.
You are immune to petrification.
You are dopey. (Int -2)
Your flesh is heat resistant. (rF+)


   Skills:
 - Level 3.2 Fighting
 + Level 4.6 Axes
 - Level 1.0 Armour
 - Level 1.5 Dodging
 - Level 5.4 Stealth


You had 4 spell levels left.
You didn't know any spells.
Your spell library was empty.

Inventory:

Hand Weapons
 o - a +3 flail
 Y - a +4 hand axe (weapon)
Missiles
 m - a silver boomerang (quivered)
Armour
 d - a +0 scale mail
 e - a +0 ring mail (worn)
Wands
 g - a wand of digging (3)
Scrolls
 a - 2 scrolls of identify
Potions
 b - 2 potions of mutation
 c - a potion of resistance
 f - 3 potions of haste
 h - a potion of curing {unknown}
 i - a potion of cancellation {unknown}
 j - a potion of flight {unknown}
 k - a potion of ambrosia {unknown}
 l - a potion of degeneration {unknown}
 n - a potion of lignification {unknown}

Dungeon Overview and Level Annotations

Branches:
Dungeon (5/15)
 Temple: D:4-7

Altars:
Uskayaw


Message History

The gnoll shouts!
You hear a shout!
You hit the gnoll.
The gnoll is moderately wounded.
The gnoll barely misses you. The gnoll closely misses you.
You barely miss the gnoll.
The gnoll is moderately wounded.
The gnoll hits you from afar with a +0 halberd.
The gnoll misses you.
You closely miss the gnoll.
The gnoll is moderately wounded.
The gnoll barely misses you. The gnoll hits you with a +0 whip.
You hit the gnoll.
The gnoll is severely wounded.
The gnoll hits you but does no damage. The gnoll hits you with a +0 whip.
You barely miss the gnoll.
The gnoll is severely wounded.
The gnoll barely misses you. The gnoll hits you with a +0 whip.
The gnoll barely misses you.
The gnoll hits you from afar with a +0 halberd.
You closely miss the gnoll.
The gnoll is severely wounded.
The gnoll hits you but does no damage. The gnoll misses you.
You hit the gnoll but do no damage.
The gnoll is severely wounded.
The gnoll hits you from afar with a +0 halberd!
The gnoll barely misses you.
You closely miss the gnoll.
The gnoll is severely wounded.
The gnoll closely misses you. The gnoll hits you with a +0 whip.
You slash the gnoll!
You kill the gnoll!
The gnoll misses you.
A gnoll comes into view. It is wielding a +0 whip.
The gnoll hits you with a +0 halberd.
Things that are here:
a +0 whip; a gnoll corpse You slash the gnoll!
The gnoll is almost dead.
The gnoll hits you with a +0 halberd.
You die...

######### #.gg..... #@#
#.# .....#.#.# ....
..).....#.########
...###+#.....###.......).
...#..........##.########
...#..........+..#
...#..........##.#
...............#.#


You could see 2 gnolls.

Vanquished Creatures
  An iguana (D:4)
  4 gnolls
  2 adders (D:3)
  A dart slug (D:1)
  An orc (D:3)
  9 ball pythons
  4 endoplasms
  A giant cockroach (D:2)
  4 hobgoblins
  6 jackals
  3 quokkas
  3 bats (D:1)
  3 frilled lizards (D:1)
  12 kobolds
  7 rats
61 creatures vanquished.

Notes
Turn   | Place    | Note
-------+----------+-------------------------------------------
     0 | D:5      | qw the Gargoyle Delver began the quest for the Orb.
     0 | D:5      | Reached XP level 1. HP: 14/14 MP: 1/1
     0 | D:5      | 0 ||| qw: Version: 0.1-a-117-gfe26ee0
     0 | D:5      | 0 ||| qw: Game counter: 10123
     0 | D:5      | 0 ||| qw: Always use a shield: true
     0 | D:5      | 0 ||| qw: God list: Okawaru
     0 | D:5      | 0 ||| qw: Allow faded altars: false
     0 | D:5      | 0 ||| qw: Do Orc after D:15 true
     0 | D:5      | 0 ||| qw: Do second Lair branch before Depths: true
     0 | D:5      | 0 ||| qw: Lair rune preference: random
     0 | D:5      | 0 ||| qw: Plans: Normal
     0 | D:5      | 0 ||| PLANNING D:1-11
     0 | D:5      | 0 ||| DROPPING scroll of fog.
     1 | D:5      | 1 ||| DROPPING scroll of magic mapping.
     2 | D:5      | 2 ||| DROPPING scroll of fear.
   101 | D:3      | HP: 3/14 [adder (2)]
   104 | D:3      | Reached XP level 2. HP: 3/19 MP: 2/2
   104 | D:3      | HP: 1/19 [hobgoblin (2)]
   415 | D:3      | 415 ||| Stepping ~*~*~tactically~*~*~ (stealth).
   441 | D:3      | 441 ||| FLEEEEING.
   442 | D:3      | 442 ||| STAIRDANCE
   501 | D:2      | 501 ||| Stepping ~*~*~tactically~*~*~ (stealth).
   503 | D:2      | 503 ||| Stepping ~*~*~tactically~*~*~ (stealth).
   505 | D:2      | 505 ||| Stepping ~*~*~tactically~*~*~ (stealth).
   633 | D:2      | Reached skill level 3 in Axes
   707 | D:2      | 707 ||| Stepping ~*~*~tactically~*~*~ (stealth).
   711 | D:2      | 711 ||| Stepping ~*~*~tactically~*~*~ (stealth).
   722 | D:2      | 722 ||| Stepping ~*~*~tactically~*~*~ (stealth).
   729 | D:2      | Reached XP level 3. HP: 22/23 MP: 3/3
   783 | D:2      | 783 ||| Stepping ~*~*~tactically~*~*~ (stealth).
  1223 | D:2      | 1223 ||| UPGRADING to +0 ring mail.
  1233 | D:2      | 1233 ||| DROPPING +0 leather armour.
  1234 | D:2      | 1234 ||| READING scroll labelled YJIUSH FAYL.
  1235 | D:2      | 1235 ||| READING scroll labelled QACEZUL JIXIUC.
  1591 | D:1      | 1591 ||| Stepping ~*~*~tactically~*~*~ (stealth).
  1593 | D:1      | 1593 ||| Stepping ~*~*~tactically~*~*~ (stealth).
  1593 | D:1      | Found a faded altar of an unknown god.
  1612 | D:1      | 1612 ||| Stepping ~*~*~tactically~*~*~ (stealth).
  1613 | D:1      | 1613 ||| Stepping ~*~*~tactically~*~*~ (stealth).
  1616 | D:1      | 1616 ||| Stepping ~*~*~tactically~*~*~ (stealth).
  1641 | D:1      | 1641 ||| Stepping ~*~*~tactically~*~*~ (stealth).
  1646 | D:1      | 1646 ||| Stepping ~*~*~tactically~*~*~ (stealth).
  2009 | D:1      | 2009 ||| Stepping ~*~*~tactically~*~*~ (stealth).
  2010 | D:1      | 2010 ||| Stepping ~*~*~tactically~*~*~ (stealth).
  2013 | D:1      | 2013 ||| Stepping ~*~*~tactically~*~*~ (stealth).
  2015 | D:1      | 2015 ||| Stepping ~*~*~tactically~*~*~ (stealth).
  2017 | D:1      | 2017 ||| Stepping ~*~*~tactically~*~*~ (stealth).
  2019 | D:1      | 2019 ||| Stepping ~*~*~tactically~*~*~ (stealth).
  2030 | D:1      | 2030 ||| Stepping ~*~*~tactically~*~*~ (stealth).
  2037 | D:1      | 2037 ||| Stepping ~*~*~tactically~*~*~ (stealth).
  2422 | D:1      | 2422 ||| DROPPING scarf of shadows.
  2423 | D:1      | 2423 ||| DROPPING ring of wizardry.
  2424 | D:1      | 2424 ||| READING 2 scrolls labelled WEECZO LEDGHOLU.
  2425 | D:1      | 2425 ||| READING scroll labelled SALOAH LURIO.
  2426 | D:1      | 2426 ||| DRINKING 2 purple potions.
  2426 | D:1      | Gained mutation: You are dopey. (Int -2) [potion of
                  | mutation]
  2426 | D:1      | Gained mutation: Your flesh is heat resistant. (rF+)
                  | [potion of mutation]
  2531 | D:2      | Reached XP level 4. HP: 28/28 MP: 4/4
  2553 | D:2      | 2553 ||| Stepping ~*~*~tactically~*~*~ (stealth).
  2556 | D:2      | 2556 ||| Stepping ~*~*~tactically~*~*~ (stealth).
  2559 | D:2      | 2559 ||| Stepping ~*~*~tactically~*~*~ (stealth).
  2567 | D:2      | 2567 ||| FLEEEEING.
  2569 | D:2      | 2569 ||| Stepping ~*~*~tactically~*~*~ (stealth).
  2571 | D:2      | 2571 ||| Stepping ~*~*~tactically~*~*~ (stealth).
  2601 | D:2      | 2601 ||| FLEEEEING.
  2604 | D:2      | 2604 ||| STAIRDANCE
  2708 | D:2      | 2708 ||| Stepping ~*~*~tactically~*~*~ (stealth).
  2715 | D:2      | 2715 ||| DROPPING +0 whip.
  2759 | D:2      | 2759 ||| READING scroll labelled TEAH HITICKEYRCH.
  2793 | D:3      | 2793 ||| Stepping ~*~*~tactically~*~*~ (stealth).
  2799 | D:3      | Reached skill level 1 in Armour
  2841 | D:3      | Noticed a +0 spear
  2841 | D:3      | Noticed a +0 dagger
  2842 | D:3      | Noticed a +0 short sword
  2842 | D:3      | Noticed a +0 falchion
  2843 | D:3      | Noticed a +0 spear
  2845 | D:3      | Noticed a +0 falchion
  2845 | D:3      | Noticed a +0 short sword
  2846 | D:3      | Noticed a +0 dagger
  2862 | D:3      | 2862 ||| READING 3 scrolls of enchant weapon.
  2862 | D:3      | 2862 ||| ENCHANTING +1 hand axe.
  2863 | D:3      | 2863 ||| READING 2 scrolls of enchant weapon.
  2863 | D:3      | 2863 ||| ENCHANTING +2 hand axe.
  2864 | D:3      | 2864 ||| READING scroll of enchant weapon.
  2864 | D:3      | 2864 ||| ENCHANTING +3 hand axe.
  2932 | D:3      | 2932 ||| Stepping ~*~*~tactically~*~*~ (stealth).
  2941 | D:3      | 2941 ||| FLEEEEING.
  2975 | D:3      | 2975 ||| Stepping ~*~*~tactically~*~*~ (stealth).
  3167 | D:3      | Found a hide-covered altar of Uskayaw.
  3193 | D:3      | 3193 ||| READING scroll labelled HUCUNL YSEDAUD OKH.
  3194 | D:3      | 3194 ||| READING 2 scrolls of identify.
  3194 | D:3      | 3194 ||| IDENTIFYING inky potion
  3228 | D:4      | Reached XP level 5. HP: 20/32 MP: 5/5
  3437 | D:4      | 3437 ||| Stepping ~*~*~tactically~*~*~ (hiding).
  3458 | D:4      | HP: 5/32 [gnoll/+0 halberd (5)]
  3459 | D:4      | Slain by a gnoll

Levels and vault maps discovered:
D:1:      eino_arrival_cavern_a, layout_basic, ebering_ecumenical_altar_rust,
          minmay_tree_intersection
D:2:      layout_loops_ring, st_stairs_12
D:3:      layout_rooms, nicolae_uskayaw_en_pointe
D:4:      layout_basic, jmf_multi_god_temple2, minmay_statues_item
D:5:      layout_rooms, minmay_temple_entry_ruins, portal_sewer_entry_c,
          uniq_duvessa

Skill      XL: |  1  2  3  4 |
---------------+-------------+-----
Axes           | 2 3 4 |  4.6
Armour         | 1 |  1.0
Fighting       | |  3.2
Dodging        | |  1.5
Stealth        | |  5.4

Action                   |  1- 3 |  4- 6 || total
-------------------------+-------+-------++-------
Melee: Hand axe          |   133 |    37 ||   170
Throw: Boomerang         |     9 |    24 ||    33
  Use: Scroll            |     4 |     6 ||    10
       Potion            |     1 |       ||     1
Armor: Leather armour    |    29 |       ||    29
       Ring mail         |    30 |     6 ||    36
Dodge: Dodged            |    73 |    26 ||    99

Table legend:
 A = Non-vault XP
 B = Vault XP
 C = Vault XP percentage of total XP
 D = Non-vault monster count
 E = Vault monster count
 F = Vault count percentage of total count
                 A         B        C        D         E       F
            +---------+---------+-------+---------+---------+-------
      Total |     198 |       4 |   2.0 |      59 |       2 |   3.3
            +---------+---------+-------+---------+---------+-------
        D:1 |      30 |       0 |   0.0 |      20 |       0 |   0.0
        D:2 |      68 |       4 |   5.6 |      19 |       2 |   9.5
        D:3 |      49 |       0 |   0.0 |      15 |       0 |   0.0
        D:4 |      51 |       0 |   0.0 |       5 |       0 |   0.0
            +---------+---------+-------+---------+---------+-------
